 Dungeon Crawl Stone Soup version 0.31-a0-344-gd109795599 (webtiles) character file.

Game seed: 3891287320747250786

170 freelancePsychic the Grave Robber (level 5, 0/30 HPs)
             Began as a Deep Elf Necromancer on July 21, 2023.
             Slain by a white imp (3 damage)
             ... on level 4 of the Dungeon.
             The game lasted 00:03:25 (3117 turns).

freelancePsychic the Grave Robber (DENe)            Turns: 3117, Time: 00:03:25

Health: 0/30       AC:  2    Str:  4 (5)  XL:     5   Next: 25%
Magic:  11/11      EV: 12    Int: 19 (22) God:
Gold:   135        SH:  0    Dex: 14 (15) Spells: 6/10 levels left

rFire   . . .        h - +1 dagger (protect)
rCold   . . .        (no shield)
rNeg    . . .        a - +0 robe
rPois   .            (no helmet)
rElec   .            (no cloak)
rCorr   .            (no gloves)
SInv    .            (no boots)
Will    +....        (no amulet)
Stlth   +++          (no ring)
HPRegen 0.25/turn    (no ring)
MPRegen 0.12/turn

%: no passive effects
@: about to teleport, enlightened, flying
A: no striking features
a: no special abilities


You were on level 4 of the Dungeon.
You visited 1 branch of the dungeon, and saw 4 of its levels.

You collected 135 gold pieces.

Inventory:

Hand Weapons
 h - a +1 dagger of protection (weapon)
Armour
 a - a +0 robe (worn)
 j - a scarf of harm
Jewellery
 i - a ring of ice
Scrolls
 c - 3 scrolls of teleportation {@r4}
 d - 3 scrolls of identify {unknown}
 e - a scroll of revelation {unknown}
 k - a scroll of immolation {unknown}
 l - a scroll of summoning {unknown}
 m - a scroll of fear {unknown}
Potions
 b - a potion of magic
 g - a potion of degeneration


   Skills:
 + Level 2.2 Fighting
 - Level 2.4 Dodging
 + Level 4.5 Stealth
 - Level 3.0 Spellcasting
 + Level 6.0 Necromancy


You had 6 spell levels left.
You knew the following spells:

 Your Spells              Type           Power      Damage    Failure   Level
a - Necrotise             Necr           100%       1d9       1%          1
b - Vampiric Draining     Necr           25%        2d7       3%          3

Your spell library contained the following spells:

 Spells                   Type           Power      Damage    Failure   Level
 Animate Dead             Necr           25%        N/A       13%         4
 Agony                    Necr           25%        N/A       34%         5


Dungeon Overview and Level Annotations

Branches:
Dungeon (4/15)
 Temple: D:4-7

Altars:
Trog
Uskayaw

Shops:
D:3 (   D:4 [


Message History

You are too injured to fight recklessly!
You are too injured to fight recklessly!
You are too injured to fight recklessly!
You are too injured to fight recklessly!
You are too injured to fight recklessly!
You are too injured to fight recklessly!
You are too injured to fight recklessly!
You hit the white imp but do no damage.
Your weapon exudes an aura of protection.
The white imp barely misses you.
You hit the white imp but do no damage. The white imp hits you.
The white imp freezes you.
You hit the white imp but do no damage.
The white imp hits you but does no damage.
You hit the white imp but do no damage. The white imp gestures at you.
The puff of frost hits you!
* * * LOW HITPOINT WARNING * * *
You hit the white imp.
The white imp is lightly wounded.
The white imp barely misses you.
It was a potion of degeneration.
There was something very wrong with that liquid.
You feel weakened.
You feel dopey.
You feel clumsy. The white imp gestures at you. The puff of frost hits you.
* * * LOW HITPOINT WARNING * * *
It was a potion of enlightenment.
You feel very buoyant.
You fly up into the air.
The white imp barely misses you.
You aren't carrying any items that you can evoke.
As you read the scroll labelled ZUARPH KOPS, it crumbles to dust.
You feel strangely unstable.
It was a scroll of teleportation.
The white imp grins evilly.
The white imp gestures at you. The puff of frost misses you.
You barely miss the white imp. The white imp hits you.
* * * LOW HITPOINT WARNING * * *
The white imp freezes you.
You die...

#.....#.# #........
#.._..#.# #........
#.....#.## ##....###
###.###..# ##..## #
#.#....# #..# #.#....##
##.># ###.#.∩...#####
##...##
#...###..5##..####.....#
##.## ##.@.#....#..##..##
#..# ##...#.....####..##
##.## ##.......## ##..#
#..# ##.....## #..# ##.##
##....# #... #..# #....###
##... ##..###
##...).####....
##.....####)##...........
###.......##)#####.........


You could see a white imp.

Vanquished Creatures
  Natasha (twice) (D:3)
  4 gnolls (D:4)
  3 adders
  2 worms
  A dart slug (D:1)
  3 orcs (D:3)
  An endoplasm (D:4)
  A giant cockroach (D:3)
  8 goblins
  3 hobgoblins
  2 jackals (D:2)
  4 kobolds
  2 quokkas (D:2)
  8 ball pythons
  4 frilled lizards
  3 rats (D:1)
51 creatures vanquished.

Vanquished Creatures (collateral kills)
  A hobgoblin (D:4)
  A kobold (D:1)
2 creatures vanquished.

Vanquished Creatures (others)
  A wizard (D:4)
1 creature vanquished.

Grand Total: 54 creatures vanquished

Notes
Turn   | Place    | Note
-------+----------+-------------------------------------------
     0 | D:1      | freelancePsychic the Deep Elf Necromancer began the quest
                  | for the Orb.
     0 | D:1      | Reached XP level 1. HP: 10/10 MP: 6/6
   210 | D:1      | Reached skill level 5 in Necromancy
   280 | D:1      | Reached XP level 2. HP: 14/16 MP: 6/8
  1001 | D:2      | Reached skill level 1 in Fighting
  1356 | D:2      | Reached XP level 3. HP: 18/20 MP: 5/9
  2256 | D:3      | Noticed Natasha
  2261 | D:3      | Killed Natasha
  2262 | D:3      | Reached XP level 4. HP: 26/26 MP: 6/10
  2380 | D:3      | Found Ynitaapn's Weapon Shop.
  2424 | D:3      | Noticed a +0 dagger
  2425 | D:3      | Noticed a +0 dagger
  2426 | D:3      | Found a hide-covered altar of Uskayaw.
  2611 | D:3      | Noticed Natasha
  2613 | D:3      | Killed Natasha
  2867 | D:4      | Found Koshreidd's Armour Shoppe.
  2894 | D:4      | Reached XP level 5. HP: 30/30 MP: 8/11
  2902 | D:4      | Learned a level 3 spell: Vampiric Draining
  2906 | D:4      | Reached skill level 6 in Necromancy
  3034 | D:4      | Found a bloodstained altar of Trog.
  3038 | D:4      | Noticed a wizard
  3045 | D:4      | Killed a wizard
  3117 | D:4      | Slain by a white imp

Illustrated notes

Levels and vault maps discovered:
D:1:      lightli_arrival_quake, layout_loops_ring
D:2:      layout_loops_corners
D:3:      layout_basic, dancing_weapons_uskayaw, serial_shops, shop_fountains,
          st_stairs_4, kennysheep_generic_room_15, uniq_natasha
D:4:      layout_layer_cave, general_overflow_altar, trog_wizard,
          minmay_temple_entry_purple_smoke, serial_shops, shop,
          dreamdust_princess_corridor

Skill      XL: |  1  2  3  4  5 |
---------------+----------------+-----
Necromancy     | 5 6 |  6.0
Stealth        | 3 4 |  4.5
Fighting       | 1 2 |  2.2
Dodging        | |  2.4
Spellcasting   | |  3.0

Action                     |  1- 3 |  4- 6 || total
---------------------------+-------+-------++-------
  Melee: Dagger            |    12 |     6 ||    18
   Cast: Necrotise         |    61 |    30 ||    91
         Vampiric Draining |       |     2 ||     2
    Use: Scroll            |     1 |     1 ||     2
         Potion            |       |     2 ||     2
 Armour: Robe              |     5 |     1 ||     6
  Dodge: Dodged            |    17 |     6 ||    23

Table legend: (Time is in decaauts)
 A = Elapsed time spent in this place.
 B = Non-inter-level travel time spent in this place.
 C = Inter-level travel time spent in this place.
 D = Time resting spent in this place.
 E = Time spent auto-exploring this place.
 F = Levels seen in this place.
 G = Mean time per level.
                   A        B        C        D        E       F      G
               +--------+--------+--------+--------+--------+-----+--------+
         Total |   3115 |   3085 |     30 |      0 |   2774 |   4 |  778.8 |
       Dungeon |   3115 |   3085 |     30 |      0 |   2774 |   4 |  778.8 |
               +--------+--------+--------+--------+--------+-----+--------+

Top non-repeatable levels by time:
     D:2: 935 daAuts
     D:3: 892 daAuts
     D:1: 833 daAuts
     D:4: 454 daAuts
